AoeStats
← 吾问无为谓

Nomad

503336463Analyzed
4v4 RM · 1mo ago on Aug 31, 2026· 43m 22s· 8 players
Game mode
Random Map
Map size
231×231
Population
200
Speed
Normal
Resources
Standard
Victory
Conquest
Starting age
Dark Age
Ending age
Imperial Age
RankedLock teamsTeams togetherTeam positionsShared explorationLock speedFull tech treeHidden civsTurbo modeCheats
Victory
Defeat
🇦🇷 Koreans · Argentina
1591
+9
🇨🇳 Cumans · China
1580
+9
1574
+9
🇨🇳 Persians · China
1500
+12
🇺🇸 Dravidians · United States
1527
-14
🇨🇳 Mongols · China
1419
-10
🇻🇳 Wu · Vietnam
1405
-9
🇨🇦 Spanish · Canada
1330
-7
DS_Moai
8:53 Loom
12:53 Feudal Age
17:28 Castle Age
16:31 Double-Bit Axe
16:37 Gold Mining
16:34 Fishing Lines
18:37 Bow Saw
20:25 Fletching
22:23 Bodkin Arrow
24:48 Wheelbarrow
29:44 Ballistics
29:28 Horse Collar
35:41 Imperial Age
33:27 Heavy Plow
36:25 Bracer
37:28 Chemistry
38:56 Hand Cart
40:14 Thumb Ring
41:03 Masonry
42:19 Architecture
tim.13
4:37 Loom
12:56 Feudal Age
14:12 Double-Bit Axe
16:25 Fishing Lines
19:23 Castle Age
17:35 Gold Mining
19:07 Wheelbarrow
18:18 Horse Collar
20:59 Bow Saw
25:31 Gold Shaft Mining
25:52 Bloodlines
26:09 Scale Barding Armor
27:22 Chain Barding Armor
28:50 Forging
29:05 Capped Ram
31:22 Iron Casting
33:23 Hand Cart
32:54 Town Watch
38:01 Imperial Age
38:09 Elite Steppe Lancer
39:52 Plate Barding Armor
40:10 Conscription
39:52 Steppe Husbandry
39:26 Cavalier
42:20 Paladin
吾问无为谓
5:16 Loom
13:56 Feudal Age
15:10 Town Watch
18:10 Castle Age
16:29 Fishing Lines
16:42 Double-Bit Axe
18:50 Fletching
19:42 Bodkin Arrow
20:40 Padded Archer Armor
21:51 Elite Skirmisher
23:07 Horse Collar
24:29 Wheelbarrow
31:56 Bow Saw
35:08 Gold Mining
41:18 Imperial Age
39:58 Scale Barding Armor
40:04 Forging
40:20 Heavy Plow
40:38 Bloodlines
40:30 Husbandry
41:30 Cavalier
42:39 Chain Barding Armor
42:50 Hand Cart
44:14 Plate Barding Armor
Yucatan_water_supremacy
5:48 Loom
13:55 Feudal Age
19:36 Castle Age
29:04 Double-Bit Axe
31:16 Town Watch
35:08 Horse Collar
41:09 Bow Saw
41:58 Wheelbarrow
Vingtor
10:48 Loom
12:50 Feudal Age
13:18 Town Watch
14:29 Fletching
17:17 Double-Bit Axe
22:11 Castle Age
20:02 Loom
22:18 Castle Age
21:29 Fishing Lines
23:35 Medium Warships
24:08 Bow Saw
26:12 Wheelbarrow
28:38 Careening
28:40 Clinker Construction
32:12 Horse Collar
34:09 Hand Cart
38:28 Imperial Age
35:24 Pikeman
36:43 Squires
38:46 Bodkin Arrow
42:27 Murder Holes
CSA_HW_Mercer
5:07 Loom
13:14 Feudal Age
17:05 Castle Age
17:13 Double-Bit Axe
18:36 Gold Mining
19:59 Horse Collar
22:54 Padded Archer Armor
26:33 Wheelbarrow
28:34 Leather Archer Armor
29:30 Hand Cart
30:25 Bow Saw
31:35 Fletching
超级硬邦邦
4:38 Loom
13:22 Feudal Age
17:28 Castle Age
17:09 Fletching
17:05 Double-Bit Axe
18:32 Bow Saw
18:22 Fishing Lines
23:09 Wheelbarrow
22:20 Town Watch
23:23 Padded Archer Armor
25:04 Gold Mining
31:56 Bodkin Arrow
37:26 Imperial Age
37:03 Leather Archer Armor
40:24 Horse Collar
42:03 Gold Shaft Mining
41:18 Stone Mining
Cuong Boss
7:23 Loom
10:08 Loom
13:49 Feudal Age
18:03 Castle Age
18:29 Forging
25:17 Fletching
31:50 Pikeman
Connection lost

Rejoining the realm…

Still unreachable

The connection could not be restored.

Session expired

The server has moved on; the page needs a fresh start.